 Dungeon Crawl Stone Soup version 0.20.1-1-g8b1a95d66d (webtiles) character file.

6291 Pixllover the Spear-Bearer (level 10, -6/135 HPs)
             Began as a Minotaur Berserker on Dec 28, 2017.
             Was a High Priest of Trog.
             Killed by divine providence
             ... invoked by an orc priest
              (12 damage)
             ... on level 10 of the Dungeon on Jan 4, 2018.
             The game lasted 00:30:34 (8959 turns).

Pixllover the Spear-Bearer (Minotaur Berserker)     Turns: 8959, Time: 00:30:34

Health: -6/135     AC: 12    Str: 34 (37) XL:     10   Next: 63%
Magic:  18/18      EV: 14    Int:  3 (4)  God:    Trog [*****.]
Gold:   417        SH:  0    Dex:  8 (10) Spells: 9/9 levels left

rFire    + . .     SeeInvis .   b - +0 scythe
rCold    + . .     Gourm    .   (shield currently unavailable)
rNeg     . . .     Faith    .   m - +2 ring mail {rC+}
rPois    .         Spirit   .   (helmet restricted)
rElec    .         Reflect  .   k - +0 cloak
rCorr    .         Harm     .   (no gloves)
MR       +....                  o - +0 pair of boots
Stlth    ..........             (no amulet)
Regen    0.4/turn               A - ring "Cyxyisoe" {*Corrode rF+ MR+ MP+9 Str+7}
MPRegen  0.2/turn               (no ring)

@: berserking (expiring), very quick
A: retaliatory headbutt, horns 2
a: Berserk, Trog's Hand, Brothers in Arms, Burn Spellbooks, Renounce Religion


You were on level 10 of the Dungeon.
You worshipped Trog.
Trog was extremely pleased with you.
You were near starving.

You visited 1 branch of the dungeon, and saw 10 of its levels.

You collected 417 gold pieces.

Inventory:

Hand Weapons
 a - a +0 mace
 b - a +0 scythe (weapon)
Armour
 k - a +0 cloak (worn)
 m - a +2 ring mail of cold resistance (worn)
 o - a +0 pair of boots (worn)
 B - +0 steam dragon scales
Jewellery
 A - the ring "Cyxyisoe" (left hand) {*Corrode rF+ MR+ MP+9 Str+7}
   (You found it on level 9 of the Dungeon)

   [ring of magical power]

   It affects your strength (+7).
   It protects you from fire.
   It affects your resistance to hostile enchantments.
   It affects your magic capacity (+9).
   It may corrode you when you take damage.
Wands
 f - a wand of scattershot (8/9)
 t - a wand of lightning (10/15)
 v - a wand of disintegration (15/24)
 y - a wand of lightning (4/15)
Scrolls
 d - 2 scrolls of remove curse
 i - 3 scrolls of teleportation
 j - 4 scrolls of identify
 p - 2 scrolls of enchant weapon {unknown}
 s - a scroll of fog {unknown}
 x - a scroll of magic mapping
Potions
 e - a potion of might
 g - 2 potions of lignification
 l - 3 potions of curing
 n - 2 potions of cancellation {unknown}
 u - a potion of resistance {unknown}
 w - 2 potions of heal wounds {unknown}
Comestibles
 c - 5 chunks of flesh
 q - 3 royal jellies
 r - 3 bread rations
 z - 3 meat rations


   Skills:
 + Level 8.8 Fighting
 + Level 6.8 Maces & Flails
 + Level 10.8 Polearms
 + Level 10.0 Armour
 + Level 7.0 Dodging
 + Level 2.0 Stealth


You had 9 spell levels left.
You didn't know any spells.

Dungeon Overview and Level Annotations

Branches:
Dungeon (10/15)            Temple (0/1) D:5             Orc (0/2) D:9
   Lair: D:8-11

Altars:
Makhleb
Okawaru
Xom
Yredelemnul
Zin

Shops:
D:7 [   D:9 :


Innate Abilities, Weirdness & Mutations

You reflexively headbutt those who attack you in melee.
You have a pair of horns on your head.


Message History

Your Dodging skill increases to level 7!
The orc warrior misses you.
You barely miss the orc. The orc barely misses you. You furiously retaliate!
You headbutt the orc!!
You kill the orc!
Trog accepts your kill.
The orc priest looks satisfied for a moment.
The orc wizard gestures wildly while chanting.
The orc wizard seems to speed up.
The orc warrior barely misses you.
You are near starving!
You slash the orc wizard! You headbutt the orc wizard.
The orc wizard is almost dead.
The orc wizard completely misses you. You furiously retaliate!
You headbutt the orc wizard!
You kill the orc wizard!
Trog accepts your kill.
Trog appreciates your killing of a magic user.
The orc priest mumbles some strange prayers to Beogh against you.
Beogh smites you!
You die...

#########+###
#...........#
#........>..#
#<...)......#
#....)@.....#
#..oo)......#
#oF.........#
...####......#
..... #......#
....P.
####+###
.o....


You could see an orc warrior, a bullfrog and 2 orc priests.

Vanquished Creatures
  A two-headed ogre (D:5)
  A centaur warrior (D:8)
  The ghost of Siegfriedson the Fighter, a novice GrGl (D:6)
  Maurice (D:8)
  A troll (D:9)
  Grinder (D:3)
  Sigmund (D:3)
  A wraith (D:6)
  A wyvern (D:9)
  A hungry ghost (D:7)
  A steam dragon (D:9)
  2 wargs (D:10)
  4 phantoms
  An orc warrior (D:6)
  A centaur (D:5)
  4 ogres
  A bullfrog (D:6)
  7 scorpions
  5 killer bees (D:7)
  3 howler monkeys
  3 crimson imps
  2 bullfrog zombies
  A quasit (D:9)
  An orc priest (D:6)
  5 hounds
  6 orc wizards
  5 iguanas
  Ijyb (D:3)
  Natasha (thrice) (D:4)
  8 worker ants
  The ghost of Noxor the Ducker, a weakling SpTm of Sif Muna (D:4)
  3 hound skeletons
  A howler monkey zombie (D:8)
  2 worker ant zombies (D:5)
  7 gnolls
  11 adders
  2 shadow imps
  An ooze (D:3)
  An adder zombie (D:7)
  3 worms
  A dart slug (D:2)
  The ghost of Noxor the Ducker, a weakling SpTm (D:3)
  3 leopard geckos
  24 orcs
  4 giant cockroaches
  4 goblins
  3 hobgoblins (D:3)
  16 jackals
  5 quokkas
  2 ball pythons
  10 bats
  3 frilled lizards (D:2)
  10 kobolds
  A leopard gecko skeleton (D:4)
  2 quokka skeletons
  6 rats
201 creatures vanquished.

Notes
Turn   | Place    | Note
-------+----------+-------------------------------------------
     0 | D:1      | Pixllover the Minotaur Berserker began the quest for the Orb.
     0 | D:1      | Reached XP level 1. HP: 19/19 MP: 0/0
   125 | D:1      | Reached XP level 2. HP: 19/27 MP: 1/1
   558 | D:1      | Found a shimmering altar of Xom.
  1341 | D:2      | Reached XP level 3. HP: 34/34 MP: 2/2
  1373 | D:2      | Reached ** piety under Trog
  1556 | D:2      | You fall through a shaft for 2 floors!
  1556 | D:4      | Found a basalt altar of Yredelemnul.
  1562 | D:4      | Reached XP level 4. HP: 40/41 MP: 3/3
  1598 | D:4      | Noticed Noxor's ghost (weakling SpTm)
  1607 | D:4      | Killed Noxor's ghost
  1910 | D:4      | Noticed Natasha
  1915 | D:4      | Killed Natasha
  1915 | D:4      | Reached skill level 5 in Fighting
  2020 | D:3      | Reached XP level 5. HP: 48/48 MP: 4/4
  2048 | D:3      | Noticed Ijyb
  2057 | D:3      | Killed Ijyb
  2057 | D:3      | Reached skill level 5 in Maces & Flails
  2101 | D:3      | Noticed Grinder
  2101 | D:3      | Noticed Noxor's ghost (weakling SpTm)
  2112 | D:3      | Paralysed by Grinder for 5 turns
  2118 | D:3      | Killed Noxor's ghost
  2122 | D:3      | Killed Grinder
  2122 | D:3      | Reached XP level 6. HP: 16/56 MP: 5/5
  2127 | D:3      | Reached *** piety under Trog
  2535 | D:3      | Noticed Sigmund
  2557 | D:3      | Killed Sigmund
  2557 | D:3      | Reached XP level 7. HP: 43/61 MP: 6/6
  3204 | D:2      | You fall through a shaft for 2 floors!
  3208 | D:4      | Reached skill level 5 in Armour
  3521 | D:3      | Reached skill level 1 in Polearms
  3595 | D:4      | Noticed Natasha
  3601 | D:4      | Killed Natasha
  3741 | D:4      | Noticed Natasha
  3745 | D:4      | Killed Natasha
  3801 | D:4      | Reached **** piety under Trog
  3923 | D:4      | Identified Sif Muna's Handbook of Displaced Stolen Souls
  3969 | D:5      | Entered Level 5 of the Dungeon
  3969 | D:5      | Found a staircase to the Ecumenical Temple.
  4283 | D:5      | Reached XP level 8. HP: 59/70 MP: 7/7
  4307 | D:5      | Noticed a two-headed ogre
  4324 | D:5      | Killed a two-headed ogre
  4324 | D:5      | Reached skill level 5 in Polearms
  4324 | D:5      | Reached skill level 5 in Dodging
  4721 | D:5      | Reached skill level 1 in Stealth
  4721 | D:5      | Reached XP level 9. HP: 72/79 MP: 8/8
  4745 | D:5      | Found an iron altar of Okawaru.
  5323 | D:6      | Noticed Siegfriedson's ghost (novice GrGl)
  5335 | D:6      | Killed Siegfriedson's ghost
  5703 | D:6      | Found a burning altar of Makhleb.
  5709 | D:6      | Noticed a balrug
  5710 | D:6      | Found a glowing silver altar of Zin.
  5711 | D:6      | Noticed an angel
  6555 | D:7      | Found Haysesaw's Antique Armour Boutique.
  7035 | D:7      | Reached XP level 10. HP: 86/88 MP: 9/9
  7298 | D:8      | Noticed Maurice
  7318 | D:8      | Killed Maurice
  7344 | D:8      | Reached ***** piety under Trog
  8033 | D:8      | Noticed a centaur warrior
  8047 | D:8      | Killed a centaur warrior
  8047 | D:8      | Reached skill level 10 in Polearms
  8639 | D:9      | Found a staircase to the Orcish Mines.
  8696 | D:9      | Got a wavering glass ring
  8701 | D:9      | Found Xuplius's Book Boutique.
  8860 | D:9      | Identified the ring "Cyxyisoe" {*Corrode rF+ MR+ MP+9 Str+7} (You found it on level 9 of the Dungeon)
  8912 | D:9      | Noticed a tengu warrior
  8912 | D:9      | Noticed a tengu warrior
  8943 | D:10     | Entered Level 10 of the Dungeon
  8953 | D:10     | Reached skill level 10 in Armour
  8955 | D:10     | HP: 5/135 [warg (13)]
  8959 | D:10     | Killed from afar by an orc priest

Skill      XL: |  1  2  3  4  5  6  7  8  9 10 |
---------------+-------------------------------+-----
Fighting       | 4 5 6 7 8 |  8.8
Maces & Flails | 4 5 6 |  6.8
Dodging        | 3 4 5 6 7 |  7.0
Armour         | 3 4 5 7 9 10 | 10.0
Polearms       | 3 6 8 10 | 10.8
Stealth        | 1 2 |  2.0

Action                   |  1- 3 |  4- 6 |  7- 9 | 10-12 || total
-------------------------+-------+-------+-------+-------++-------
Melee: Mace              |    68 |    87 |       |       ||   155
       Headbutt          |     7 |    13 |    48 |    29 ||    97
       Scythe            |       |       |   234 |    93 ||   327
Invok: Berserk           |       |     2 |     4 |     2 ||     8
       Burn Spellbooks   |       |     1 |     1 |       ||     2
  Use: Scroll            |     1 |     2 |     7 |     2 ||    12
       Potion            |       |     1 |       |     3 ||     4
  Eat: Bread ration      |     1 |       |     1 |       ||     2
       Chunk             |       |     2 |    13 |     2 ||    17
       Meat ration       |       |       |     2 |       ||     2
       Fruit             |       |       |     1 |     1 ||     2
Armor: Animal skin       |     6 |       |       |       ||     6
       Scale mail        |    19 |    50 |   108 |       ||   177
       Ring mail         |       |       |    46 |    52 ||    98
Dodge: Dodged            |    56 |    62 |   280 |    96 ||   494
